AoeStats
← Corsican Pirate

Arena

509482957Analyzed
4v4 RM · 7d ago on Sep 26, 2026· 44m 4s· 8 players
Game mode
Random Map
Map size
Large (8 player)
Population
200
Speed
Normal
Resources
Standard
Victory
Conquest
Starting age
Dark Age
Ending age
Imperial Age
RankedLock teamsTeams togetherTeam positionsShared explorationLock speedFull tech treeHidden civsTurbo modeCheats
Victory
Defeat
🇲🇽 Byzantines · Mexico
1309
+13
🇲🇽 Bengalis · Mexico
1301
+13
🇲🇽 Lithuanians · Mexico
1286
+14
🇺🇸 Magyars · United States
1194
+17
🇩🇪 Hindustanis · Germany
1301
-17
🇩🇪 Mongols · Germany
1252
-15
🇲🇦 Bohemians · Morocco
1237
-14
🇺🇸 Cumans · United States
1159
-11
No-One-Knows-Me
9:57 Feudal Age
14:35 Castle Age
13:03 Double-Bit Axe
13:19 Horse Collar
16:30 Wheelbarrow
19:24 Loom
20:29 Town Watch
29:42 Imperial Age
30:58 Conscription
32:24 Chemistry
31:43 Bow Saw
33:44 Padded Archer Armor
34:59 Leather Archer Armor
34:26 Houfnice
36:32 Ring Archer Armor
38:33 Houfnice
40:55 Elite Skirmisher
Micha
10:56 Feudal Age
11:26 Loom
15:26 Castle Age
16:51 Fletching
19:01 Double-Bit Axe
20:24 Bodkin Arrow
20:57 Padded Archer Armor
26:01 Scale Barding Armor
ChrisBu
10:45 Feudal Age
14:34 Castle Age
12:32 Horse Collar
19:25 Loom
25:41 Wheelbarrow
28:04 Bloodlines
27:54 Husbandry
28:56 Hand Cart
33:05 Imperial Age
31:50 Gold Mining
31:52 Stone Mining
Apostate of Hate
10:42 Feudal Age
10:46 Loom
19:27 Castle Age
17:36 Double-Bit Axe
17:58 Horse Collar
23:30 Light Cavalry
25:42 Forging
26:11 Bloodlines
28:23 Stone Mining
32:27 Imperial Age
30:56 Scale Barding Armor
32:15 Wheelbarrow
33:53 Conscription
36:51 Devotion
38:34 Iron Casting
38:52 Murder Holes
38:49 Elite Steppe Lancer
40:25 Masonry
40:34 Town Watch
43:14 Chain Barding Armor
Night Watchman
11:06 Feudal Age
14:49 Castle Age
16:29 Loom
18:36 Double-Bit Axe
20:47 Horse Collar
21:58 Wheelbarrow
22:23 Padded Archer Armor
23:06 Bow Saw
24:12 Fletching
25:39 Heavy Plow
25:56 Bodkin Arrow
27:57 Husbandry
33:55 Imperial Age
31:45 Hand Cart
31:58 Thumb Ring
33:37 Ballistics
34:13 Leather Archer Armor
34:02 Town Watch
35:21 Bloodlines
35:20 Bracer
35:51 Ring Archer Armor
35:58 Corvinian Army
36:52 Hoardings
36:31 Scale Barding Armor
36:57 Parthian Tactics
37:54 Chemistry
37:00 Siege Engineers
39:37 Crop Rotation
40:56 Heavy Cavalry Archer
42:57 Chain Barding Armor
Glamdring
2:33 Loom
3:15 Loom
11:18 Feudal Age
15:33 Castle Age
13:20 Double-Bit Axe
13:16 Horse Collar
15:32 Scale Barding Armor
15:39 Loom
16:54 Bow Saw
22:51 Chain Barding Armor
24:31 Forging
25:00 Bloodlines
24:57 Gold Mining
26:23 Iron Casting
31:02 Heavy Plow
32:03 Husbandry
32:08 Stone Mining
39:36 Imperial Age
37:41 Wheelbarrow
39:44 Cavalier
41:04 Plate Barding Armor
41:10 Paladin
42:15 Fletching
43:14 Hand Cart
43:20 Bodkin Arrow
44:39 Chemistry
45:36 Chemistry
Corsican Pirate
11:17 Feudal Age
9:33 Loom
15:51 Castle Age
15:45 Double-Bit Axe
20:01 Scale Mail Armor
19:48 Horse Collar
21:07 Scale Mail Armor
21:38 Pikeman
25:50 Squires
25:36 Arson
26:23 Bow Saw
27:54 Chain Mail Armor
28:59 Wheelbarrow
29:05 Gambesons
31:02 Heavy Plow
31:20 Hand Cart
36:58 Imperial Age
36:06 Forging
36:31 Padded Archer Armor
36:22 Fletching
37:05 Elite Skirmisher
38:46 Crop Rotation
39:33 Bodkin Arrow
39:54 Leather Archer Armor
40:42 Bracer
42:14 Thumb Ring
44:56 Chemistry
44:17 Ballistics
Gúthwinë
10:24 Feudal Age
8:39 Loom
14:13 Castle Age
12:12 Double-Bit Axe
15:19 Bow Saw
16:53 Redemption
18:11 Fervor
18:50 Sanctity
26:51 Wheelbarrow
30:37 Horse Collar
34:42 Imperial Age
34:36 Pikeman
35:18 Scale Mail Armor
35:44 Forging
36:59 Chain Mail Armor
38:53 Iron Casting
38:47 Halberdier
39:54 Fletching
41:07 Blast Furnace
39:56 Gambesons
40:13 Squires
39:59 Arson
44:02 Fletching
44:23 Heavy Plow
45:26 Two-Man Saw
Connection lost

Rejoining the realm…

Still unreachable

The connection could not be restored.

Session expired

The server has moved on; the page needs a fresh start.